 Dungeon Crawl Stone Soup version 0.24-a0-292-g5c6fb1c (webtiles) character file.

Game seed: 11306437322655079765

282670 galech the Severer (level 20, -2/164 HPs)
             Began as a Demonspawn Fighter on May 9, 2019.
             Was the Champion of Okawaru.
             Engulfed by an ice statue's freezing vapour (15 damage)
             ... on level 2 of the Depths on May 10, 2019.
             The game lasted 01:06:41 (32797 turns).

galech the Severer (Demonspawn Fighter)            Turns: 32797, Time: 01:06:42

Health: -2/164     AC: 25    Str: 17    XL:     20   Next: 40%
Magic:  22/23      EV: 33    Int:  9    God:    Okawaru [******]
Gold:   3345       SH: 20    Dex: 30    Spells: 19/19 levels left

rFire    + . .     SeeInvis .   p - +4 broad axe (elec)
rCold    . . .     Gourm    .   c - +0 shield
rNeg     + + .     Faith    .   D - +6 scale mail "Umput" {*Slow rN+ Dex+8}
rPois    .         Spirit   .   w - +2 hat
rElec    .         Reflect  +   g - +2 cloak
rCorr    .         Harm     .   (gloves unavailable)
MR       +....                  W - +2 pair of boots {run}
Stlth    +++.......             b - +3 amulet of reflection
HPRegen  0.37/turn              x - +5 ring of evasion
MPRegen  0.18/turn              o - ring of protection from fire

@: heroism, slowed, repel missiles, very slow
A: claws 3, repulsion field 3, demonic guardian 2, deterioration 1, negative
energy resistance 1, powered by death 3
a: Heroism, Finesse, Renounce Religion


You were on level 2 of the Depths.
You worshipped Okawaru.
Okawaru was exalted by your worship.
You were not hungry.

You visited 5 branches of the dungeon, and saw 28 of its levels.
You visited the Abyss 2 times.
You also visited: Trove.

You collected 4629 gold pieces.
You spent 1284 gold pieces at shops.

Inventory:

Hand Weapons
 l - a +0 scimitar of flaming
 p - a +4 broad axe of electrocution (weapon)
Armour
 c - a +0 shield (worn)
 g - a +2 cloak (worn)
 w - a +2 hat (worn)
 A - a +2 leather armour of fire resistance
 D - the +6 scale mail "Umput" (worn) {*Slow rN+ Dex+8}
   (Okawaru gifted it to you on level 14 of the Dungeon)

   It affects your dexterity (+8).
   It protects you from negative energy.
   It may slow you when you take damage.
 M - a +0 plate armour of cold resistance
 N - a scarf of spirit shield
 R - the -7 shield of Irab {rElec rC- Regen+ rCorr}
   (Okawaru gifted it to you on level 10 of the Dungeon)

   It makes you vulnerable to cold.
   It insulates you from electricity.
   It increases your rate of regeneration.
   It provides partial protection from all sources of acid and corrosion.
 W - a +2 pair of boots of running (worn)
 X - a +3 chain mail of magic resistance
 Z - a +1 chain mail of poison resistance
Jewellery
 a - an uncursed amulet of guardian spirit
 b - a +3 amulet of reflection (around neck)
 o - a ring of protection from fire (right claw)
 r - the ring "Verem Ene" {Ice rN+++ MP+9 SInv}
   (You found it on level 3 of the Elven Halls)

   [ring of ice]

   It enhances your ice magic.
   It makes you vulnerable to fire.
   It protects you from cold.
   It renders you almost immune to negative energy.
   It affects your magic capacity (+9).
   It lets you see invisible.
 u - an uncursed ring of see invisible
 x - a +5 ring of evasion (left claw)
 J - an uncursed ring of fire
 K - the amulet of Autumn {*Slow +Inv rPois Regen+}
   (You found it in a treasure trove)

   [amulet of regeneration]

   It protects you from poison.
   It lets you turn invisible.
   It increases your rate of regeneration.
   It may slow you when you take damage.
 O - an uncursed amulet of the gourmand
 Q - an uncursed ring of resist corrosion {unknown}
 V - the amulet "Ligoed" {Inacc rN++}
   (You found it on level 5 of the Lair of Beasts)

   [amulet of inaccuracy]

   It reduces the accuracy of all your attacks.
   It greatly protects you from negative energy.
 Y - an uncursed ring of positive energy {unknown}
Wands
 y - a wand of digging (4)
 T - a wand of polymorph (9)
Scrolls
 i - 10 scrolls of fear
 k - 14 scrolls of teleportation
 m - 11 scrolls of magic mapping
 q - 15 scrolls of remove curse
 v - 5 scrolls of blinking
 z - 5 scrolls of fog
 C - 2 scrolls of silence
 F - 6 scrolls of enchant armour
 U - 2 scrolls of acquirement
Potions
 d - 2 potions of brilliance
 e - 6 potions of haste
 h - 3 potions of berserk rage {unknown}
 j - 4 potions of cancellation
 n - 2 potions of curing
 s - 5 potions of agility
 t - 3 potions of invisibility
 B - 9 potions of heal wounds {unknown}
 E - 4 potions of lignification {unknown}
 G - a potion of flight
 H - 5 potions of might
 I - 2 potions of magic
 L - a potion of mutation
 P - 3 potions of resistance
 S - a potion of ambrosia
Comestibles
 f - 44 rations


   Skills:
 + Level 15.9(20.9) Fighting
 + Level 1.4(6.4) Long Blades
 + Level 19.2(24.2) Axes
 + Level 10.9(15.9) Armour
 + Level 9.6(14.6) Dodging
 + Level 6.8(11.8) Stealth
 + Level 15.8(20.8) Shields
 + Level 5.0 Invocations
 + Level 0.5 Evocations


You had 19 spell levels left.
You didn't know any spells.
Your spell library contained the following spells:

 Spells                   Type           Power        Failure   Level  Hunger
 Beastly Appendage        Tmut           #.....       67%         1    ##.....
 Confusing Touch          Hex            #.....       67%         1    ##.....
 Flame Tongue             Conj/Fire      #....        67%         1    ##.....
 Freeze                   Ice            #...         67%         1    ##.....
 Magic Dart               Conj           #...         67%         1    ##.....
 Shock                    Conj/Air       #...         67%         1    ##.....
 Sting                    Conj/Pois      #...         67%         1    ##.....
 Summon Butterflies       Summ           #.......     67%         1    ##.....
 Summon Small Mammal      Summ           #...         67%         1    ##.....
 Call Imp                 Summ           #.......     80%         2    ###....
 Poisonous Vapours        Pois/Air       #.....       80%         2    ###....
 Sticks to Snakes         Tmut           #.......     80%         2    ###....
 Throw Flame              Conj/Fire      #.....       80%         2    ###....
 Throw Frost              Conj/Ice       #.....       80%         2    ###....
 Call Canine Familiar     Summ           #.......     95%         3    ####...
 Confuse                  Hex            #.......     95%         3    ####...
 Conjure Flame            Conj/Fire      #.......     95%         3    ####...
 Dazzling Spray           Conj/Hex       #.....       95%         3    ####...
 Gell's Gravitas          Tloc           #.........   95%         3    ####...
 Inner Flame              Hex/Fire       #.......     95%         3    ####...
 Mephitic Cloud           Conj/Pois/Air  #.......     95%         3    ####...
 Ozocubu's Armour         Chrm/Ice       #.......     95%         3    ####...
 Recall                   Summ/Tloc      N/A          95%         3    ####...
 Spider Form              Tmut/Pois      #.........   95%         3    ####...
 Stone Arrow              Conj/Erth      #.....       95%         3    ####...
 Summon Guardian Golem    Hex/Summ       #.......     95%         3    ####...
 Cause Fear               Hex            #.........   100%        4    #####..
 Ice Form                 Ice/Tmut       #.......     100%        4    #####..
 Iskenderun's Mystic Bla  Conj           #.......     100%        4    #####..
 Leda's Liquefaction      Hex/Erth       #.........   100%        4    #####..
 Olgreb's Toxic Radiance  Pois           #.......     100%        4    #####..
 Passage of Golubria      Tloc           N/A          100%        4    #####..
 Petrify                  Tmut/Erth      #.......     100%        4    #####..
 Sticky Flame             Conj/Fire      #.......     100%        4    #####..
 Summon Ice Beast         Ice/Summ       #.......     100%        4    #####..
 Summon Lightning Spire   Summ/Air       #.......     100%        4    #####..
 Throw Icicle             Conj/Ice       #.......     100%        4    #####..
 Blade Hands              Tmut           #.........   100%        5    ######.
 Bolt of Magma            Conj/Fire/Erth #.........   100%        5    ######.
 Fireball                 Conj/Fire      #.........   100%        5    ######.
 Irradiate                Conj/Tmut      #.........   100%        5    ######.
 Iskenderun's Battlesphe  Conj/Chrm      #.......     100%        5    ######.
 Metabolic Englaciation   Hex/Ice        #.........   100%        5    ######.
 Summon Mana Viper        Hex/Summ       #.......     100%        5    ######.
 Venom Bolt               Conj/Pois      #.........   100%        5    ######.
 Yara's Violent Unravell  Hex/Tmut       #.........   100%        5    ######.
 Bolt of Fire             Conj/Fire      #.........   100%        6    #######
 Freezing Cloud           Conj/Ice/Air   #.........   100%        6    #######
 Hydra Form               Tmut           #.........   100%        6    #######
 Iron Shot                Conj/Erth      #.........   100%        6    #######
 Statue Form              Tmut/Erth      #........    100%        6    #######
 Dragon Form              Tmut           #.........   100%        7    #######
 Malign Gateway           Summ/Tloc      #.........   100%        7    #######
 Orb of Destruction       Conj           #.........   100%        7    #######
 Spellforged Servitor     Conj/Summ      #.........   100%        7    #######
 Summon Hydra             Summ           #.........   100%        7    #######
 Dragon's Call            Summ           #.........   100%        9    #######
 Shatter                  Erth           #.........   100%        9    #######


Dungeon Overview and Level Annotations

Branches:
Dungeon (15/15)            Temple (0/1) D:7            Lair (6/6) D:10
 Shoals (0/4) Lair:3       Spider (0/4) Lair:3        Slime (0/5) Lair:5
    Orc (2/2) D:12            Elf (3/3) Orc:2        Vaults (0/5) D:14
 Depths (2/5) D:15

Altars:
Cheibriados
Elyvilon
Fedhas
Kikubaaqudgha
Nemelex Xobeh
Okawaru
Sif Muna
Trog
Vehumet
Xom
The Shining One
Beogh

Shops:
D:6 ?   D:8 =   D:15 ?   Orc:1 %   Orc:2 [}[=   Elf:3 ?   Depths:1 *

Portals:
Hell: Depths:1 Depths:2
Abyss: Depths:1
Ziggurat: Depths:1

Annotations:
D:3 exclusion: oklob plant
Elf:2 1 runed translucent door
Depths:2 exclusion: 2 ice statues


Innate Abilities, Weirdness & Mutations

You have claws for hands.
You are surrounded by a strong repulsion field. (EV +4, RMsl)
A demonic guardian rushes to your aid.
You resist negative energy. (rN+)
You regenerate a lot of health from kills.
Your body sometimes deteriorates upon taking damage.


Message History

Lightning courses through the ice beast!
You are engulfed in freezing vapours.
Your unstable footing causes you to fumble your attack.
You are engulfed in freezing vapours.
* * * LOW HITPOINT WARNING * * *
You block the ice beast's attack.
The ice statue gestures.
Unknown command.
You hit the ice statue but do no damage.
The ice statue is severely damaged.
You hit the ice beast.
You are engulfed in freezing vapours.
* * * LOW HITPOINT WARNING * * *
You feel yourself slow down. You block the ice beast's attack.
You hit the ice statue but do no damage.
The ice statue is severely damaged.
You hit the ice beast.
Lightning courses through the ice beast!
You kill the ice beast!
You are engulfed in freezing vapours.
You die...

.[..[.[≈≈≈≈≈≈≈≈≈≈≈⌠##
)..))..######≈≈≈≈≈≈.#
....)###≈≈≈≈##)≈≈≈≈≈#####
#######
?.[..#⌠≈≈≈≈≈≈#≈≈≈≈≈≈#...#
#......
....##≈≈≈..≈≈'≈≈≈≈≈≈#...#
#[....)
.(###.≈≈...≈≈°≈≈≈≈≈≈#...#
#......
()#⌠≈≈≈..).###°Y≈≈°.#...#
#......
≈##≈≈≈....##≈##≈≈≈°##..(#
#....##
≈#≈≈≈.....≈≈≈≈##@8###...#
#....#>
≈#≈≈.......≈≈≈≈######...#
#....#.
≈#≈≈...#≈...≈≈≈≈###≈≈...#
#....#.
≈#≈≈≈≈##≈≈.≈≈≈≈##.⌠≈≈...#
#....#.
≈##≈≈≈#≈≈≈≈≈≈###≈≈≈≈....#
#)...#.
≈≈##''##≈≈≈≈#'..........#
#....#.
≈≈≈≈≈≈≈##≈≈≈#.....##....#
#....#.
≈≈≈≈≈≈≈≈##≈##.....##....#
#....#<
≈≈≈C≈≈≈≈≈###≈...........#
#....##


You could see an ice statue and an ice beast.

Vanquished Creatures
  An ancient lich (Depths:2)
  Margery (Depths:1)
  A caustic shrike (Depths:1)
  Jorgrun (Orc:2)
  3 liches (Depths:2)
  2 deep elf blademasters (Elf:3)
  4 tentacled starspawn
  A sphinx (D:15)
  3 fire giants (Depths:2)
  5 deep elf sorcerers (Elf:3)
  8 frost giants
  5 deep elf elementalists
  3 stone giants (Depths:1)
  A caustic shrike skeleton (Depths:2)
  2 vampire knights (Depths:2)
  5 deep elf demonologists (Elf:3)
  9 very ugly things
  13 deep elf annihilators
  Snorg (D:12)
  A deep elf death mage (Elf:3)
  3 ettins
  A blizzard demon (Depths:2)
  A great orb of eyes (Depths:1)
  2 deep elf high priests (Elf:3)
  A fire dragon (Depths:1)
  3 vault guards (D:14)
  2 jiangshi (Depths:2)
  4 hydras
  2 centaur warriors
  A death knight (Abyss:4)
  2 spriggan air magi (Depths:2)
  8 ice dragons
  4 deep troll shamans
  17 two-headed ogres
  A queen ant (Lair:3)
  2 tengu warriors
  22 dancing weapons
  5 thrashing horrors
  4 ogre magi
  A deep troll earth mage (Depths:2)
  A spriggan berserker (Depths:2)
  9 deep elf knights
  3 vampire magi (Depths:2)
  5 hell knights
  2 iron trolls (Depths:1)
  An unseen horror (D:15)
  6 large abominations
  2 glowing orange brains
  7 wizards (Depths:2)
  10 deep trolls
  3 deep elf archers
  2 necromancers
  37 deep elf magi
  20 ugly things
  2 orc sorcerers
  A tengu skeleton (Depths:2)
  5 cyclopes
  15 elephants
  A smoke demon (Abyss:2)
  A black mamba (Lair:5)
  6 spiny frogs
  7 komodo dragons
  4 rime drakes
  3 freezing wraiths
  4 ice devils (Depths:2)
  3 yaktaurs
  A kobold demonologist (Abyss:2)
  2 demonic crawlers
  2 tengu conjurers
  A polar bear (Lair:6)
  A merfolk (D:10)
  17 trolls
  A queen bee (shapeshifter) (D:14)
  5 hornets
  Grinder (D:3)
  8 raiju (Abyss:4)
  A hornet (shapeshifter) (Elf:3)
  15 blink frogs
  10 hippogriffs
  10 slime creatures
  2 dream sheep (Lair:6)
  A harpy skeleton (D:15)
  An ettin zombie (Depths:2)
  A snapping turtle (Lair:3)
  An ettin skeleton (Depths:2)
  4 air elementals
  2 ynoxinuls
  A small abomination (Abyss:4)
  A centaur simulacrum (D:14)
  11 spriggans (Lair:6)
  A shadow (Abyss:4)
  58 yaks
  2 basilisks (Lair:5)
  4 hungry ghosts
  A chaos spawn (Abyss:2)
  A neqoxec (Abyss:4)
  11 vampire mosquitoes (D:15)
  19 soldier ants (Lair:3)
  An acid dragon (D:14)
  A meliai simulacrum (D:14)
  12 water moccasins
  6 porcupines
  4 sky beasts
  12 orc warriors
  7 phantoms
  4 black bears
  4 ice beasts
  A starcursed mass (Abyss:2)
  25 ogres
  7 boggarts
  21 wolves
  6 centaurs
  14 crocodiles
  23 bullfrogs
  An earth elemental (Elf:2)
  A gnoll sergeant (D:9)
  4 scorpions
  A water moccasin skeleton (D:12)
  2 killer bees (D:9)
  An electric eel (Lair:6)
  A howler monkey (D:4)
  13 wights
  5 crimson imps
  3 bullfrog zombies
  3 centaur zombies
  4 jellies
  A quasit (Abyss:2)
  9 hounds
  16 orc wizards
  A gnoll shaman (D:10)
  14 orc priests
  A bullfrog skeleton (D:10)
  7 centaur skeletons
  An iguana (D:10)
  7 hell rats (Lair:5)
  29 worker ants
  6 hound zombies
  A hound skeleton (D:11)
  16 gnolls
  13 adders
  5 shadow imps
  A white imp (Abyss:4)
  An adder skeleton (D:4)
  An adder zombie (D:6)
  4 worms
  3 dart slugs
  5 leopard geckos
  75 orcs
  2 ball pythons
  4 bats
  5 giant cockroaches
  9 goblins
  9 hobgoblins
  A jackal (D:5)
  2 quokkas
  7 frilled lizards
  A jackal skeleton (D:4)
  A jackal zombie (D:8)
  10 kobolds
  2 leopard gecko skeletons
  7 rats
  A butterfly (Lair:6)
  3 fungi
  A lurking horror (Abyss:2)
  6 plants
  A starspawn tentacle (Abyss:2)
989 creatures vanquished.

Vanquished Creatures (collateral kills)
  A deep elf blademaster (Elf:3)
  A tentacled starspawn (Abyss:2)
  A frost giant (Depths:1)
  A fire giant (Depths:2)
  A deep elf sorcerer (Elf:3)
  Aizul (Depths:1)
  A stone giant (Depths:2)
  5 very ugly things (Depths:2)
  A caustic shrike skeleton (Depths:2)
  3 ettins
  A fire dragon (Depths:1)
  A vault guard (D:14)
  2 ice dragons
  A centaur warrior (Depths:1)
  A rakshasa (Depths:1)
  9 two-headed ogres
  3 ogre magi
  2 deep troll shamans (Depths:2)
  A tengu warrior (D:15)
  A spriggan berserker (Depths:2)
  Urug (Orc:2)
  A deep elf knight (Elf:2)
  5 deep trolls
  A wizard (Depths:2)
  5 cyclopes
  6 ugly things
  2 deep elf magi (Elf:3)
  An orc sorcerer (Orc:1)
  12 elephants
  A centaur zombie (D:12)
  5 centaur skeletons
  3 spiny frogs (Lair:6)
  An efreet (D:14)
  A yaktaur (Depths:1)
  A komodo dragon (Lair:3)
  A freezing wraith (D:14)
  5 trolls
  2 polar bears (Lair:6)
  3 slime creatures
  2 hippogriffs
  3 blink frogs
  3 hornets
  2 spriggans (Lair:6)
  A small abomination (Abyss:4)
  An air elemental (Elf:2)
  A large abomination (Abyss:2)
  2 wyverns
  A ynoxinul (Abyss:2)
  21 yaks
  A hungry ghost (D:12)
  An acid dragon (D:14)
  A soldier ant (Lair:3)
  A sky beast (D:5)
  2 orc warriors
  2 black bears
  4 starcursed masses (Abyss:2)
  A wolf (Lair:6)
  2 centaurs
  4 ogres
  A crocodile (D:10)
  3 bullfrogs
  A spectral wyvern (D:12)
  A killer bee (D:9)
  4 wights (D:12)
  2 jellies
  An orc priest (D:6)
  An orc wizard (D:9)
  3 worker ants (Lair:3)
  A gnoll (D:4)
  3 orcs
  A jackal (D:5)
  2 crawling corpses (Elf:3)
  A lurking horror (Abyss:4)
  3 plants
  A starspawn tentacle (Abyss:4)
180 creatures vanquished.

Vanquished Creatures (others)
  2 deep elf master archers (Elf:3)
  A centaur warrior (Depths:1)
  A deep elf knight (Elf:2)
  Sonja (D:12)
  A deep elf archer (Elf:1)
  2 yaktaurs (Depths:1)
  A golden eye (Abyss:4)
  7 fungi
  A lurking horror (Abyss:2)
  16 plants
  11 starspawn tentacles
  13 toadstools (D:3)
57 creatures vanquished.

Grand Total: 1226 creatures vanquished

Notes
Turn   | Place    | Note
-------+----------+-------------------------------------------
     0 | D:1      | galech the Demonspawn Fighter began the quest for the Orb.
     0 | D:1      | Reached XP level 1. HP: 18/18 MP: 1/1
   214 | D:1      | Gained mutation: You regenerate a little health from kills.
                  | [demonic ancestry]
   214 | D:1      | Reached XP level 2. HP: 24/24 MP: 2/2
   412 | D:1      | Reached skill level 2 in Axes
   626 | D:1      | Gained mutation: You are surrounded by a mild repulsion
                  | field. (EV +2) [demonic ancestry]
   626 | D:1      | Reached XP level 3. HP: 27/29 MP: 3/3
   748 | D:2      | Found a bloodstained altar of Trog.
   749 | D:2      | Found an ancient bone altar of Kikubaaqudgha.
  1780 | D:3      | Reached XP level 4. HP: 14/35 MP: 4/4
  2018 | D:3      | Found a blossoming altar of Fedhas.
  2038 | D:3      | Noticed an oklob plant
  2735 | D:3      | Noticed Grinder
  2748 | D:3      | Killed Grinder
  2748 | D:3      | Reached skill level 3 in Axes
  2748 | D:3      | Reached skill level 1 in Dodging
  2748 | D:3      | Gained mutation: You regenerate health from kills. [demonic
                  | ancestry]
  2748 | D:3      | Reached XP level 5. HP: 21/42 MP: 5/5
  2748 | D:3      | Gained mutation: A weak demonic guardian rushes to your
                  | aid. [demonic ancestry]
  2748 | D:3      | Reached XP level 6. HP: 24/48 MP: 6/6
  3151 | D:3      | You fall through a shaft for 2 floors!
  3151 | D:5      | Entered Level 5 of the Dungeon
  3209 | D:5      | Noticed a sky beast
  3222 | D:5      | Killed a sky beast
  3222 | D:5      | Reached skill level 4 in Axes
  3922 | D:4      | Gained mutation: You regenerate a lot of health from kills.
                  | [demonic ancestry]
  3922 | D:4      | Reached XP level 7. HP: 51/53 MP: 7/7
  4034 | D:4      | Found an iron altar of Okawaru.
  4059 | D:4      | Became a worshipper of Warmaster Okawaru
  4161 | D:4      | Reached skill level 5 in Axes
  4205 | D:4      | Found a white marble altar of Elyvilon.
  4545 | D:5      | Reached * piety under Okawaru
  4548 | D:5      | Reached skill level 5 in Shields
  4553 | D:5      | Reached XP level 8. HP: 37/61 MP: 8/8
  4878 | D:5      | Reached skill level 6 in Axes
  5283 | D:6      | Reached ** piety under Okawaru
  5485 | D:6      | Found Ineif's Magic Scroll Shop.
  5491 | D:6      | Bought a scroll of enchant weapon for 90 gold pieces
  5491 | D:6      | Bought a scroll of blinking for 90 gold pieces
  5491 | D:6      | Bought a scroll of teleportation for 36 gold pieces
  5491 | D:6      | Bought a scroll of enchant armour for 90 gold pieces
  5529 | D:6      | Found a glowing golden altar of the Shining One.
  5652 | D:6      | Paralysed by an orc wizard for 6 turns
  5959 | D:7      | Found a radiant altar of Vehumet.
  5968 | D:7      | Reached skill level 7 in Axes
  5968 | D:7      | Reached skill level 1 in Stealth
  6075 | D:7      | Found a staircase to the Ecumenical Temple.
  6100 | D:7      | Reached skill level 5 in Fighting
  6560 | D:8      | Reached XP level 9. HP: 68/68 MP: 9/9
  6594 | D:8      | Found Bejirim's Jewellery Emporium.
  6748 | D:8      | Reached skill level 5 in Armour
  6819 | D:8      | Paralysed by a hornet for 2 turns
  6829 | D:8      | Reached *** piety under Okawaru
  6829 | D:8      | Reached skill level 8 in Axes
  7131 | D:8      | Found a blossoming altar of Fedhas.
  7567 | D:8      | Found a snail-covered altar of Cheibriados.
  7597 | D:9      | Noticed a two-headed ogre
  7607 | D:9      | Killed a two-headed ogre
  7607 | D:9      | Reached **** piety under Okawaru
  7607 | D:9      | Reached skill level 9 in Axes
  7621 | D:9      | Noticed a troll
  7641 | D:9      | Killed a troll
  7864 | D:9      | Gained mutation: A demonic guardian rushes to your aid.
                  | [demonic ancestry]
  7864 | D:9      | Reached XP level 10. HP: 72/76 MP: 10/10
  8055 | D:9      | Reached ***** piety under Okawaru
  8431 | D:9      | Received a gift from Okawaru
  8438 | D:9      | Reached skill level 10 in Axes
  8619 | D:10     | Entered Level 10 of the Dungeon
  8647 | D:10     | Found a staircase to the Lair.
  9175 | D:10     | Noticed a cyclops
  9184 | D:10     | Killed a cyclops
  9184 | D:10     | Received a gift from Okawaru
  9184 | D:10     | Reached XP level 11. HP: 43/84 MP: 11/11
  9388 | D:10     | Found a roughly hewn altar of Beogh.
  9507 | D:10     | Received a gift from Okawaru
  9510 | D:10     | Got an encrusted shield {god gift}
  9521 | D:10     | Identified the -7 shield of Irab {rElec rC- Regen+ rCorr}
                  | (Okawaru gifted it to you on level 10 of the Dungeon)
  9574 | D:10     | Found a shimmering altar of Xom.
  9574 | D:10     | Found a shimmering altar of Xom.
  9575 | D:10     | Found a shimmering altar of Xom.
  9575 | D:10     | Found a shimmering altar of Xom.
  9575 | D:10     | Found a shimmering altar of Xom.
  9849 | D:11     | Reached skill level 11 in Axes
 10561 | D:12     | Noticed Snorg
 10576 | D:12     | Killed Snorg
 10576 | D:12     | Reached skill level 12 in Axes
 10660 | D:12     | Found a staircase to the Orcish Mines.
 10665 | D:12     | Noticed a cyan ugly thing
 10672 | D:12     | Noticed a red ugly thing
 10680 | D:12     | Killed a cyan ugly thing
 10689 | D:12     | Killed a red ugly thing
 10689 | D:12     | Received a gift from Okawaru
 10883 | D:12     | Gained mutation: You have sharp fingernails. [demonic
                  | ancestry]
 10883 | D:12     | Reached XP level 12. HP: 90/94 MP: 12/12
 11122 | D:12     | Noticed Sonja
 11132 | D:12     | Killed Sonja
 11580 | Orc:1    | Entered Level 1 of the Orcish Mines
 11830 | Orc:2    | Entered Level 2 of the Orcish Mines
 11841 | Orc:2    | Found Yssohuy's Jewellery Shop.
 11841 | Orc:2    | Noticed a two-headed ogre
 11845 | Orc:2    | Noticed a two-headed ogre
 11846 | Orc:2    | Noticed a two-headed ogre
 11854 | Orc:2    | Noticed a two-headed ogre
 11858 | Orc:2    | Killed a two-headed ogre
 11863 | Orc:2    | Noticed an ogre mage
 11868 | Orc:2    | Killed a two-headed ogre
 11868 | Orc:2    | Reached ****** piety under Okawaru
 11870 | Orc:2    | Killed a two-headed ogre
 11874 | Orc:2    | Killed a two-headed ogre
 11876 | Orc:2    | Noticed a two-headed ogre
 11889 | Orc:2    | Reached skill level 13 in Axes
 11890 | Orc:2    | Killed a two-headed ogre
 11890 | Orc:2    | Received a gift from Okawaru
 11902 | Orc:2    | Killed an ogre mage
 11902 | Orc:2    | Reached skill level 1 in Invocations
 11925 | Orc:2    | Noticed a two-headed ogre
 11934 | Orc:2    | Killed a two-headed ogre
 11981 | Orc:2    | Found Gyqep's Armour Boutique.
 11992 | Orc:2    | Found Ihycyo's Gadget Boutique.
 11993 | Orc:2    | Found Ybiloer's Antique Armour Emporium.
 12026 | Orc:2    | Noticed a two-headed ogre
 12032 | Orc:2    | Noticed a two-headed ogre
 12039 | Orc:2    | Killed a two-headed ogre
 12042 | Orc:2    | Killed a two-headed ogre
 12050 | Orc:2    | Noticed an ogre mage
 12064 | Orc:2    | Killed an ogre mage
 12074 | Orc:2    | Noticed Urug
 12089 | Orc:2    | Killed Urug
 12184 | Orc:2    | Received a gift from Okawaru
 12206 | Orc:2    | Found a roughly hewn altar of Beogh.
 12239 | Orc:2    | Found a staircase to the Elven Halls.
 12262 | Orc:2    | Noticed Jorgrun
 12274 | Orc:2    | Killed Jorgrun
 12274 | Orc:2    | Reached skill level 10 in Fighting
 12274 | Orc:2    | Reached XP level 13. HP: 30/103 MP: 10/13
 13035 | Orc:1    | Found Nigox's Food Shoppe.
 13035 | Orc:1    | Noticed an ettin
 13040 | Orc:1    | Killed an ettin
 13069 | Orc:1    | You fall through a shaft!
 13835 | D:14     | Found a gate to the Vaults.
 13848 | D:14     | Reached skill level 10 in Shields
 13859 | D:14     | Received a gift from Okawaru
 13859 | D:14     | Reached skill level 14 in Axes
 14009 | D:14     | Got a bloodstained scale mail {god gift}
 14020 | D:14     | Identified the +6 scale mail "Umput" {*Slow rN+ Dex+8}
                  | (Okawaru gifted it to you on level 14 of the Dungeon)
 14132 | D:14     | Found a sparkling altar of Nemelex Xobeh.
 14192 | D:14     | Found a portal to a secret trove of treasure.
 14423 | D:15     | Entered Level 15 of the Dungeon
 14714 | D:15     | Gained mutation: You are surrounded by a moderate repulsion
                  | field. (EV +3) [demonic ancestry]
 14714 | D:15     | Reached XP level 14. HP: 53/113 MP: 15/15
 14842 | D:15     | Found Netyb's Magic Scroll Shop.
 14850 | D:15     | Bought a scroll of enchant armour for 90 gold pieces
 14850 | D:15     | Bought a scroll of teleportation for 36 gold pieces
 14850 | D:15     | Bought a scroll of identify for 24 gold pieces
 14850 | D:15     | Bought a scroll of enchant weapon for 90 gold pieces
 14850 | D:15     | Bought a scroll of identify for 24 gold pieces
 14850 | D:15     | Bought a scroll of enchant weapon for 90 gold pieces
 14850 | D:15     | Bought a scroll of acquirement for 624 gold pieces
 14965 | D:15     | Received a gift from Okawaru
 14974 | D:15     | Reached skill level 15 in Axes
 14979 | D:15     | Got a crude war axe {god gift}
 15002 | D:15     | Identified the +1 war axe "Ihutz" {protect, rPois rN+ MR-
                  | Int+2 Dex+4} (Okawaru gifted it to you on level 15 of the
                  | Dungeon)
 15169 | D:15     | Found a staircase to the Depths.
 15681 | Lair:1   | Entered Level 1 of the Lair of Beasts
 15690 | Lair:1   | Received a gift from Okawaru
 17400 | Lair:3   | Found a hole to the Spider Nest.
 17596 | Lair:3   | Received a gift from Okawaru
 18130 | Lair:3   | Reached skill level 5 in Dodging
 18194 | Lair:3   | Found a staircase to the Shoals.
 18343 | Lair:4   | Got a fine leather armour
 18354 | Lair:4   | Identified the +0 leather armour of Anazep {*Contam rF+
                  | Dex+7} (You found it on level 4 of the Lair of Beasts)
 18436 | Lair:4   | Gained mutation: Your body sometimes deteriorates upon
                  | taking damage. [mutagenic glow]
 18480 | Lair:4   | Received a gift from Okawaru
 18612 | Lair:4   | Reached XP level 15. HP: 120/120 MP: 16/16
 19238 | Lair:5   | Reached skill level 16 in Axes
 19375 | Lair:5   | Got a vibrating zirconium amulet
 19377 | Lair:5   | Identified the amulet "Ligoed" {Inacc rN++} (You found it
                  | on level 5 of the Lair of Beasts)
 19441 | Lair:5   | Got a faintly glowing ring mail
 19452 | Lair:5   | Identified the cursed +1 ring mail "Yppeha" {MR+ Str+4
                  | Dex-2 Stlth+} (You found it on level 5 of the Lair of
                  | Beasts)
 19644 | Lair:5   | Received a gift from Okawaru
 19674 | Lair:5   | Identified a +2 pair of boots of running (Okawaru gifted it
                  | to you on level 5 of the Lair of Beasts)
 20021 | Lair:5   | Found a staircase to the Slime Pits.
 20062 | Lair:6   | Entered Level 6 of the Lair of Beasts
 20095 | Lair:5   | Reached skill level 1 in Long Blades
 21407 | Lair:6   | Got a dazzling scale mail
 21418 | Lair:6   | Identified the +5 scale mail "Weulanag" {rPois Str-5 Dex+3
                  | SInv} (You found it on level 6 of the Lair of Beasts)
 21833 | Depths:1 | Entered Level 1 of the Depths
 21833 | Depths:1 | Found a gateway to a ziggurat.
 21833 | Depths:1 | Noticed an ancient lich
 21865 | Depths:1 | Noticed a sphinx
 21939 | D:15     | Killed a sphinx
 21975 | Depths:1 | Received a gift from Okawaru
 22104 | Depths:1 | Gained mutation: You have very sharp fingernails. [demonic
                  | ancestry]
 22104 | Depths:1 | Reached XP level 16. HP: 65/129 MP: 14/17
 22359 | Depths:1 | Noticed Margery
 22360 | Depths:1 | Found a gateway to Hell.
 22375 | Depths:1 | Killed Margery
 22382 | Depths:1 | Reached skill level 17 in Axes
 22382 | Depths:1 | HP: 2/129 [yaktaur/bolt (10)]
 22613 | Depths:1 | Noticed Aizul
 22628 | Depths:1 | Killed Aizul
 22653 | Depths:1 | Found Umexkipn's Assorted Antiques.
 22739 | Depths:1 | Received a gift from Okawaru
 22834 | Depths:1 | Found a one-way gate to the infinite horrors of the Abyss.
 22889 | Depths:1 | Noticed a caustic shrike
 23264 | Depths:1 | Killed a caustic shrike
 24860 | Elf:1    | Entered Level 1 of the Elven Halls
 25013 | Elf:1    | Found a deep blue altar of Sif Muna.
 25072 | Elf:1    | Received a gift from Okawaru
 25102 | Elf:1    | Identified Ziamyjeg's Disquisition on Attacks
 25478 | Elf:1    | Found a deep blue altar of Sif Muna.
 25854 | Elf:2    | Found a runed translucent door.
 25894 | Elf:2    | Found a runed translucent door.
 25912 | Elf:2    | Gained mutation: You resist negative energy. (rN+) [demonic
                  | ancestry]
 25912 | Elf:2    | Reached XP level 17. HP: 112/137 MP: 19/19
 26045 | Elf:2    | Received a gift from Okawaru
 26052 | Elf:2    | Got a crude robe {god gift}
 26063 | Elf:2    | Identified the +2 robe of Tumuppa {+Inv +Fly Str+2 Dex-5}
                  | (Okawaru gifted it to you on level 2 of the Elven Halls)
 26502 | Elf:2    | Reached skill level 18 in Axes
 26972 | Elf:3    | Entered Level 3 of the Elven Halls
 27114 | Elf:3    | Found Hagatio's Magic Scroll Shoppe.
 27201 | Elf:3    | Received a gift from Okawaru
 27373 | D:14     | You paid a toll of a +8 demon whip to enter a treasure
                  | trove
 27374 | Trove    | Entered a treasure trove
 27450 | Trove    | Got a fine sapphire amulet
 27451 | Trove    | Identified the amulet of Autumn {*Slow +Inv rPois Regen+}
                  | (You found it in a treasure trove)
 28064 | Elf:3    | Reached skill level 5 in Stealth
 28113 | Elf:3    | Noticed a deep elf blademaster
 28113 | Elf:3    | Noticed a deep elf blademaster
 28122 | Elf:3    | Noticed a deep elf blademaster
 28124 | Elf:3    | Killed a deep elf blademaster
 28128 | Elf:3    | Noticed a deep elf master archer
 28129 | Elf:3    | Killed a deep elf blademaster
 28132 | Elf:3    | Killed a deep elf blademaster
 28138 | Elf:3    | Killed a deep elf master archer
 28139 | Elf:3    | Noticed a deep elf master archer
 28148 | Elf:3    | Reached skill level 10 in Armour
 28202 | Elf:3    | Identified Ofaos's Volume of Confrontation
 28211 | Elf:3    | Identified the Disquisition on the Compass and Creation
 28246 | Elf:3    | Got a crude wooden ring
 28278 | Elf:3    | Identified the ring "Verem Ene" {Ice rN+++ MP+9 SInv} (You
                  | found it on level 3 of the Elven Halls)
 28282 | Elf:3    | Identified the cursed +1 long sword of Infection {venom,
                  | rN++}
 28664 | Elf:3    | Received a gift from Okawaru
 28838 | Elf:3    | Cast into level 4 of the Abyss (a deep elf sorcerer)
 28840 | Abyss:4  | Found a corrupted altar of Lugonu.
 28841 | Abyss:4  | Noticed a tentacled monstrosity
 28842 | Abyss:4  | Found a corrupted altar of Lugonu.
 28842 | Abyss:4  | Noticed a tentacled monstrosity
 29049 | Abyss:4  | Gained mutation: You have claws for hands. [demonic
                  | ancestry]
 29049 | Abyss:4  | Reached XP level 18. HP: 109/147 MP: 21/21
 29056 | Elf:3    | Escaped the Abyss
 29068 | Elf:3    | Noticed a Tzitzimitl
 29214 | Elf:3    | Received a gift from Okawaru
 29236 | Elf:3    | Upgraded the game from 0.24-a0-291-g79c1ce7 to
                  | 0.24-a0-292-g5c6fb1c
 29260 | Elf:3    | Got a brightly glowing scale mail
 29271 | Elf:3    | Identified the +1 scale mail "Noovveeni" {rN++ Str+4 Dex+4
                  | Slay-3} (You found it on level 3 of the Elven Halls)
 29330 | Elf:3    | Got an ebony hand axe
 29423 | Elf:3    | Cast into level 2 of the Abyss (a deep elf demonologist)
 29535 | Abyss:2  | Paralysed by accursed screaming for 1 turns
 29853 | Elf:3    | Escaped the Abyss
 29857 | Elf:3    | Noticed a Brimstone Fiend
 30151 | Lair:6   | Identified the +8 hand axe of Anxiety {vamp, Fragile rElec
                  | Str+5} (You found it on level 3 of the Elven Halls)
 30180 | Lair:6   | Gained mutation: You are surrounded by a strong repulsion
                  | field. (EV +4, RMsl) [demonic ancestry]
 30180 | Lair:6   | Reached XP level 19. HP: 154/154 MP: 22/22
 30487 | Depths:2 | Reached skill level 15 in Shields
 30572 | Depths:2 | Reached skill level 15 in Fighting
 30584 | Depths:2 | Received a gift from Okawaru
 31073 | Depths:2 | Identified the +9 mace of the Trees {crush, Int+4}
 31088 | Depths:2 | Received a gift from Okawaru
 31116 | Depths:2 | Noticed a lich
 31203 | Depths:2 | Killed a lich
 31312 | Depths:2 | Received a gift from Okawaru
 31323 | Depths:2 | Reached XP level 20. HP: 157/163 MP: 23/23
 31331 | Depths:2 | Reached skill level 19 in Axes
 31901 | Depths:2 | Received a gift from Okawaru
 32531 | Depths:2 | Noticed an ancient lich
 32534 | Depths:2 | Identified the Compendium of Translocation and Venom
 32543 | Depths:2 | Killed an ancient lich
 32543 | Depths:2 | Reached skill level 5 in Invocations
 32588 | Depths:2 | Got a jasper-encrusted ring mail
 32599 | Depths:2 | Identified the +7 ring mail of New Discoveries {Str+2
                  | Stlth+} (You found it on level 2 of the Depths)
 32797 | Depths:2 | Engulfed by an ice statue's freezing vapour

Levels and vault maps discovered:
D:1:      onia_arrival_mini_maze_b, layout_basic, minmay_heptomino_w4
D:2:      layout_basic, gammafunk_temple_overflow_statue, first_ration,
          minmay_ruptured
D:3:      layout_loops_ring, tgw_fedhas, uniq_grinder
D:4:      layout_loops_ring, elyvilon_altar_1, minmay_splitting_lines,
          okawaru_altar_gauntlet_db
D:5:      layout_loops_ring, serial_glass, glass_columns_c, glass_columns_a,
          glass_columns_c, glass_columns_c, glass_columns_a, glass_columns_b,
          glass_columns_c, glass_columns_c, minmay_strange_pillars,
          due_unseen_surprise
D:6:      layout_rooms, serial_shops, shop, nicolae_tso_swordbearing_angel
D:7:      layout_basic, vehumet_altar_wand_db, minmay_temple_entry_arrows,
          abandoned_shop
D:8:      layout_basic, kennysheep_little_box, serial_shops,
          nicolae_shop_statue_plus, basic_altar
D:9:      layout_basic
D:10:     layout_roguey [special_room_orc], due_lair_maze_entry_diamond,
          hangedman_fish_farm, xom_redecorated
D:11:     layout_long_grid
D:12:     layout_roguey, david_orc_3, hangedman_weighted_door, uniq_sonja,
          uniq_snorg
D:13:     layout_basic, kennysheep_generic_room_7
D:14:     layout_cross, lightli_vaults_fourway_checkpoint,
          nicolae_trove_entry_free_sample, nemelex_xobeh_ov_fountains_minmay
D:15:     hangedman_depths_entry_civil_slaughter, layout_basic,
          hangedman_abyss_or_decor_stabs, serial_shops, shop
Lair:1:   layout_loops_ring, grunt_megastairs_4, lemuel_fruit_fields
Lair:2:   layout_cave_pods
Lair:3:   layout_cave_pods, minmay_shoals_entry_hut,
          nicolae_spider_entry_non_spiders, zaba_anthell
Lair:4:   layout_regular_city, wad_woods_river_01, serial_bayou_shore_b
Lair:5:   beast_lair_carwin_large_2, layout_regular_city,
          dpeg_slime_entry_corner
Lair:6:   minmay_lair_end_enchanted_forest, layout_hall_layers,
          serial_bayou_lagoon_b, lemuel_fruit_fields,
          infiniplex_staircase_pool_2
Orc:1:    layout_caves, serial_shops, shop
Orc:2:    st_orc_open, layout_caves, basic_altar, uniq_urug, uniq_jorgrun
Elf:1:    eino_elf_arrival_shootout, layout_gridlike, basic_altar,
          minmay_elf_annihilation, wad_floor_pattern_2, lemuel_statue_altar
Elf:2:    layout_loops_cross
Elf:3:    minmay_elf_hall_furrowed, layout_geoelf_octagon, serial_shops, shop
Depths:1: layout_small_grid, enter_ziggurat_d, grunt_metal_band, serial_shops,
          nicolae_shop_behind_doors, abyss_entry_small_statue_room,
          chequers_serial_rivers_micro_b, dispersion_dpeg, grunt_megastairs_1,
          uniq_aizul
Depths:2: cheibrodos_cascadia, layout_long_grid, minmay_misc_feat_rugged,
          hell_entry, minivault_12, infiniplex_staircase_hallway_doors

Skill      XL: |  1  2  3  4  5  6  7  8  9 10 11 12 13 14 15 16 17 18 19 20 |
---------------+-------------------------------------------------------------+-----
Shields        | 3 4 5 6 7 8 9 10 11 12 13 14 15 | 15.8
Axes           | 2 3 4 5 7 9 10 12 13 14 15 16 17 18 19 | 19.2
Armour         | 3 4 5 6 7 8 9 10 | 10.9
Dodging        | 1 2 4 5 6 7 8 9 |  9.6
Fighting       | 4 5 6 7 8 10 11 12 13 14 15 | 15.9
Stealth        | 1 2 3 4 5 6 |  6.8
Invocations    | 1 2 3 4 5 |  5.0
Long Blades    | 1 |  1.4
Evocations     | |  0.5

Action                   |  1- 3 |  4- 6 |  7- 9 | 10-12 | 13-15 | 16-18 | 19-21 || total
-------------------------+-------+-------+-------+-------+-------+-------+-------++-------
Melee: War axe           |   135 |   129 |   518 |   722 |   447 |       |       ||  1951
       Broad axe         |       |       |       |       |   857 |   881 |   364 ||  2102
       Scimitar          |       |       |       |       |    31 |       |       ||    31
       Hand axe          |       |       |       |       |       |    10 |   195 ||   205
Invok: Heroism           |       |       |     2 |     5 |     9 |    11 |     5 ||    32
       Finesse           |       |       |       |       |     1 |     4 |     2 ||     7
Evoke: Wand              |       |       |       |       |       |       |     1 ||     1
  Use: Potion            |     1 |     1 |       |       |       |     5 |       ||     7
       Scroll            |       |       |       |     3 |    17 |    19 |     3 ||    42
 Stab: Distracted        |       |       |     4 |     1 |    14 |    19 |     8 ||    46
       Sleeping          |       |       |       |       |    17 |     6 |       ||    23
  Eat: Chunk             |     2 |     8 |    12 |    20 |    33 |    19 |     8 ||   102
       Ration            |       |       |     1 |       |       |     4 |       ||     5
Armor: Scale mail        |    71 |    54 |   114 |       |   236 |   128 |    88 ||   691
       Plate armour      |       |       |   131 |   238 |       |       |       ||   369
       Chain mail        |       |       |       |    12 |    24 |       |       ||    36
Dodge: Dodged            |    36 |    33 |   245 |   334 |   748 |   401 |   371 ||  2168
       Deflected         |       |       |       |       |       |       |     6 ||     6
Block: Shield            |    75 |    65 |   295 |   450 |  1073 |   624 |   330 ||  2912
       Reflection        |       |       |       |     5 |    18 |    44 |     6 ||    73
       Rpst.: Scimitar   |       |       |       |       |    13 |       |       ||    13

Table legend:
 A = Non-vault XP
 B = Vault XP
 C = Vault XP percentage of total XP
 D = Non-vault monster count
 E = Vault monster count
 F = Vault count percentage of total count
                 A         B        C        D         E       F
            +---------+---------+-------+---------+---------+-------
      Total |  237712 |  190618 |  44.5 |     802 |     355 |  30.7
            +---------+---------+-------+---------+---------+-------
        D:1 |      34 |       9 |  20.9 |      18 |       5 |  21.7
        D:2 |      41 |       4 |   8.9 |      13 |       2 |  13.3
        D:3 |      99 |     277 |  73.7 |      19 |       1 |   5.0
        D:4 |     373 |      27 |   6.8 |      24 |       6 |  20.0
        D:5 |     958 |       0 |   0.0 |      17 |       0 |   0.0
        D:6 |     600 |       0 |   0.0 |      22 |       0 |   0.0
        D:7 |     247 |       1 |   0.4 |       5 |       1 |  16.7
        D:8 |    1363 |       0 |   0.0 |      27 |       0 |   0.0
        D:9 |    3961 |       0 |   0.0 |      33 |       0 |   0.0
       D:10 |    2267 |    1785 |  44.1 |      25 |      37 |  59.7
       D:11 |    5258 |       0 |   0.0 |      40 |       0 |   0.0
       D:12 |    3977 |    2075 |  34.3 |      39 |      14 |  26.4
       D:13 |    3993 |      90 |   2.2 |      21 |       1 |   4.5
       D:14 |    5681 |    5484 |  49.1 |      44 |      12 |  21.4
       D:15 |   21609 |    4633 |  17.7 |      50 |       6 |  10.7
     Lair:1 |    3714 |     157 |   4.1 |      19 |       1 |   5.0
     Lair:2 |    3799 |       0 |   0.0 |      14 |       0 |   0.0
     Lair:3 |    3064 |    5580 |  64.6 |      14 |      54 |  79.4
     Lair:4 |    7437 |     433 |   5.5 |      32 |       3 |   8.6
     Lair:5 |   13333 |    2661 |  16.6 |      48 |       6 |  11.1
     Lair:6 |    9189 |    7882 |  46.2 |      41 |      44 |  51.8
      Orc:1 |    1777 |       0 |   0.0 |      14 |       0 |   0.0
      Orc:2 |    1901 |   15841 |  89.3 |      13 |      39 |  75.0
      Elf:1 |    7879 |    5078 |  39.2 |      13 |       8 |  38.1
      Elf:2 |    5940 |   22697 |  79.3 |      13 |      29 |  69.0
      Elf:3 |   13444 |   48809 |  78.4 |      21 |      34 |  61.8
   Depths:1 |   35639 |   20163 |  36.1 |      48 |      18 |  27.3
   Depths:2 |   57072 |   46932 |  45.1 |      69 |      34 |  33.0
    Abyss:2 |   12251 |       0 |   0.0 |      23 |       0 |   0.0
    Abyss:4 |   10812 |       0 |   0.0 |      23 |       0 |   0.0
            +---------+---------+-------+---------+---------+-------
